 Dungeon Crawl Stone Soup version 0.26.0-10-g1f06aea511 (webtiles) character file.

Game seed: 14620794144360287282

52 runemasterragnar the Vandal (level 4, 0/29 HPs)
             Began as a Halfling Hunter on Jan 14, 2021.
             Succumbed to an adder's poison
             ... on level 2 of the Dungeon.
             The game lasted 00:01:22 (1017 turns).

runemasterragnar the Vandal (Halfling Hunter)       Turns: 1017, Time: 00:01:23

Health: 0/29       AC:  5    Str: 13    XL:     4   Next: 8%
Magic:  4/4        EV: 14    Int:  9    God:
Gold:   36         SH:  0    Dex: 15    Spells: 3/3 levels left

rFire    . . .     SeeInvis .   i - +0 dagger (drain)
rCold    . . .     Faith    .   (shield restricted)
rNeg     . . .     Spirit   .   l - +0 ring mail
rPois    .         Reflect  .   (no helmet)
rElec    .         Harm     .   (no cloak)
rCorr    .         Rampage  .   (no gloves)
Will     .....                  (no boots)
Stlth    +.........             (no amulet)
HPRegen  0.09/turn              k - ring of flight
MPRegen  0.09/turn              (no ring)

@: lethally poisoned (0 -> -1), berserk cooldown, slowed, very slow
A: small, mutation resistance 1
a: Evoke Flight


You were on level 2 of the Dungeon.
You visited 1 branch of the dungeon, and saw 2 of its levels.

You collected 36 gold pieces.

Inventory:

Hand Weapons
 a - a +1 hunting sling
 b - a +0 short sword
 i - a +0 dagger of draining (weapon)
Missiles
 d - 27 sling bullets
 m - 26 stones (quivered)
Armour
 l - a +0 ring mail (worn)
Jewellery
 k - a ring of flight (left hand)
Scrolls
 c - a scroll of blinking {unknown}
 e - 2 scrolls of amnesia {unknown}
 f - a scroll of enchant weapon {unknown}
 g - 3 scrolls of remove curse {unknown}
 j - 2 scrolls of teleportation {unknown}
 n - a scroll of identify {unknown}
 o - a scroll of enchant armour {unknown}
 p - a scroll of immolation {unknown}


   Skills:
 + Level 2.1 Fighting
 * Level 1.7 Short Blades
 * Level 6.4 Slings
 + Level 0.8 Armour
 + Level 2.5 Dodging
 + Level 1.6 Stealth
 + Level 0.3 Evocations


You had 3 spell levels left.
You didn't know any spells.
Your spell library was empty.

Dungeon Overview and Level Annotations

Branches:
Dungeon (2/15)

Altars:


Innate Abilities, Weirdness & Mutations

You are small and have problems with some larger weapons.
You are somewhat resistant to further mutation.


Message History

You hit the adder. You drain the adder.
You kill the adder!
You have reached level 4!
You hit the goblin. You drain the goblin.
You kill the goblin!
You feel sick.
Things that are here:
a +0 club; an adder corpse; a hobgoblin corpse You feel a strong urge to attack something.
You feel your anger nearly subside.
You are no longer berserk.
You are exhausted.
You feel yourself slow down.
* * * LOW HITPOINT WARNING * * *
You feel sick.
* * * LOW HITPOINT WARNING * * *
You feel sick.
* * * LOW HITPOINT WARNING * * *
You feel sick.
You die...

#####..##.... #.#
#......##..## #.#
#......##.)# #.#
#......##..## #.#
#......)..... #.#
#......###... #.#
#......# #...
#.####......###..#
#@......<....†S...
#.#########.###..#
#.. .........#
#.## #.#....#...
#.. ............
### #. .##..##...
. .......#...
#..##. #... #.
#...


There were no monsters in sight!

Vanquished Creatures
  3 adders (D:2)
  A leopard gecko (D:1)
  2 bats (D:1)
  A giant cockroach (D:1)
  4 goblins
  5 hobgoblins
  3 jackals (D:1)
  A kobold (D:1)
  A rat (D:1)
21 creatures vanquished.

Notes
Turn   | Place    | Note
-------+----------+-------------------------------------------
     0 | D:1      | runemasterragnar the Halfling Hunter began the quest for
                  | the Orb.
     0 | D:1      | Reached XP level 1. HP: 14/14 MP: 1/1
   216 | D:1      | Reached XP level 2. HP: 19/19 MP: 2/2
   258 | D:1      | Reached skill level 6 in Slings
   295 | D:1      | Reached skill level 1 in Short Blades
   933 | D:2      | Reached XP level 3. HP: 24/24 MP: 3/3
  1003 | D:2      | Reached XP level 4. HP: 6/29 MP: 4/4
  1014 | D:2      | HP: 1/29 [poisoned by an adder]
  1017 | D:2      | Succumbed to an adder's poison

Illustrated notes

Levels and vault maps discovered:
D:1:      minmay_arrival_semitransparent, layout_basic
D:2:      minmay_door_path, layout_basic

Skill      XL: |  1  2 |
---------------+-------+-----
Slings         | 6 |  6.4
Short Blades   | 1 |  1.7
Fighting       | 2 |  2.1
Armour         | |  0.8
Dodging        | |  2.5
Stealth        | |  1.6
Evocations     | |  0.3

Action                   |  1- 3 |  4- 6 || total
-------------------------+-------+-------++-------
Melee: Dagger            |    38 |     1 ||    39
 Fire: Hunting sling     |    27 |       ||    27
  Use: Potion            |     1 |       ||     1
Armor: Ring mail         |     9 |       ||     9
Dodge: Dodged            |    29 |       ||    29
